 Dungeon Crawl Stone Soup version 0.25-b1-38-g32f9adbbe0 (webtiles) character file.

Game seed: 7948775583811170665

21 Descartes the Grasshopper (level 2, -2/13 HPs)
             Began as a Felid Warper on June 7, 2020.
             Slain by a worm (6 damage)
             ... on level 2 of the Dungeon.
             The game lasted 00:02:33 (1256 turns).

Descartes the Grasshopper (Felid Warper)            Turns: 1256, Time: 00:02:33

Health: -2/13      AC:  1    Str:  7    XL:     2   Next: 65%
Magic:  6/6        EV: 18    Int: 14    God:
Gold:   30         SH:  0    Dex: 15    Spells: 5/5 levels left
                                        Lives:  0   Deaths: 0

rFire    . . .     SeeInvis +     - Unarmed
rCold    . . .     Gourm    .   (shield unavailable)
rNeg     . . .     Faith    .   (armour unavailable)
rPois    .         Spirit   .   (helmet unavailable)
rElec    .         Reflect  .   (cloak unavailable)
rCorr    .         Harm     .   (gloves unavailable)
MR       .....                  (boots unavailable)
Stlth    ++........             (no amulet)
HPRegen  0.04/turn              (no ring)
MPRegen  0.10/turn              (no ring)

@: quick
A: very small, no armour, no weapons or thrown items, stealth, claws 1, fangs 3,
see invisible, carnivore, speed 1, shaggy fur 1, slow metabolism 1, sharp paws
a: no special abilities


You were on level 2 of the Dungeon.
You were completely stuffed.

You visited 1 branch of the dungeon, and saw 2 of its levels.

You collected 30 gold pieces.

Inventory:

Missiles
 d - 44 stones
 i - 23 arrows
Scrolls
 b - a scroll of blinking
 g - a scroll of teleportation {unknown}
Potions
 a - a potion of berserk rage {unknown}
 e - a potion of lignification {unknown}
 h - a potion of heal wounds {unknown}
Comestibles
 c - 3 rations
 f - 2 chunks of flesh


   Skills:
 + Level 2.2 Fighting
 + Level 3.4 Dodging
 * Level 1.8 Stealth
 * Level 2.4 Unarmed Combat
 - Level 2.0 Spellcasting
   Level 4.4 Translocations


You had 5 spell levels left.
You didn't know any spells.
Your spell library contained the following spells:

 Spells                   Type           Power        Failure   Level  Hunger
 Blink                    Tloc           N/A          6%          2    ###....
 Gell's Gravitas          Tloc           ##........   12%         3    ####...
 Lesser Beckoning         Tloc           ##........   12%         3    ####...
 Teleport Other           Tloc           ##......     12%         3    ####...
 Shroud of Golubria       Chrm/Tloc      #.....       14%         2    ###....
 Passage of Golubria      Tloc           N/A          36%         4    #####..


Dungeon Overview and Level Annotations

Branches:
Dungeon (2/15)

Altars:


Innate Abilities, Weirdness & Mutations

You cannot wear armour.
You are incapable of wielding weapons or throwing items.
Your paws allow you to move quietly. (Stealth)
You have sharp claws.
You have razor-sharp teeth.
You have supernaturally acute eyesight. (SInv)
You are carnivorous and can eat meat at any time.
You cover ground quickly.
You are covered in fur. (AC +1)
You have a slow metabolism.
Your sharp claws are effective at attacking unaware monsters.


Message History

The worm is severely wounded.
The worm barely misses you.
You scratch the worm. You bite the worm, but do no damage.
The worm is almost dead.
The worm closely misses you.
You scratch the worm.
The worm is almost dead.
You completely miss the worm.
The worm is almost dead.
The worm bites you!
Ouch! That really hurt!
You are too injured to fight recklessly!
You are too injured to fight recklessly!
You are too injured to fight recklessly!
You barely miss the worm. Your bite misses the worm.
The worm is almost dead.
You barely miss the worm.
The worm is almost dead.
The worm bites you.
You die...

###### #########
##)....##
........########........
#######........†........
#########......... ###
#.@....... ..#
#?.w...... ..#
#......... ..#
#......... ..##
##........ ...#
##.....#. .#.# ####.#
##.##### .. .......#


You could see a worm.

Vanquished Creatures
  A dart slug (D:1)
  3 bats
  A giant cockroach (D:2)
  4 goblins (D:1)
  4 hobgoblins (D:1)
  2 frilled lizards (D:1)
  3 rats
18 creatures vanquished.

Notes
Turn   | Place    | Note
-------+----------+-------------------------------------------
     0 | D:1      | Descartes the Felid Warper began the quest for the Orb.
     0 | D:1      | Reached XP level 1. HP: 9/9 MP: 4/4
   141 | D:1      | Reached skill level 1 in Stealth
   280 | D:1      | Reached XP level 2. HP: 13/13 MP: 6/6
  1256 | D:2      | Slain by a worm

Illustrated notes

Levels and vault maps discovered:
D:1:      dpeg_arrival_rooms_c, layout_loops_corners
D:2:      layout_rooms, first_ration

Skill      XL: |  1 |
---------------+----+-----
Stealth        | 1 |  1.8
Fighting       | |  2.2
Dodging        | |  3.4
Unarmed Combat | |  2.4
Spellcasting   | |  2.0
Translocations | |  4.4

Action                   || total
-------------------------++-------
Melee: Unarmed           ||    72
       Bite              ||     4
 Stab: Sleeping          ||     4
  Eat: Chunk             ||     8
Armor: Skin              ||     2
Dodge: Dodged            ||    47
